 Dungeon Crawl Stone Soup version 0.20-a0-435-gf4ea4dd (webtiles) character file.

858 inmateoo the Conjurer (level 7, -12/46 HPs)
             Began as a Mummy Conjurer on Jan 5, 2017.
             Mangled by an ogre
             ... wielding a +0 giant spiked club
              (30 damage)
             ... on level 4 of the Dungeon.
             The game lasted 00:08:47 (4589 turns).

inmateoo the Conjurer (Mummy Conjurer)              Turns: 4589, Time: 00:08:48

Health: -12/46     AC:  4    Str: 11    XL:     7   Next: 71%
Magic:  3/15       EV: 13    Int: 17    God:
Gold:   55         SH:  0    Dex: 12    Spells: 7/17 levels left

rFire  x . .     SeeInvis .     j - +1 dagger (venom)
rCold  + . .     Gourm    .     a - +0 robe
rNeg   + + +     Faith    .     (no shield)
rPois  ∞         Spirit   .     (no helmet)
rElec  .         Reflect  .     c - +1 cloak
rCorr  .         Harm     +     (no gloves)
MR     .....                    (no boots)
Stlth  ++........               e - amulet of harm
                                (no ring)
                                (no ring)

@: no status effects
A: no food or potions, fire vulnerability, cold resistance 1, negative energy
resistance 3, torment resistance, unbreathing
a: no special abilities


You were on level 4 of the Dungeon.
You were not hungry.

You visited 1 branch of the dungeon, and saw 4 of its levels.

You collected 55 gold pieces.

Inventory:

Hand Weapons
 i - a -3 dagger
 j - a +1 dagger of venom (weapon)
Armour
 a - a +0 robe (worn)
 c - a +1 cloak (worn)
Jewellery
 e - an amulet of harm (around neck)
Scrolls
 d - a scroll of amnesia
 f - a scroll of remove curse
 g - a scroll of enchant armour
 h - a scroll of fear {unknown}
Books
 b - a book of Conjurations

   Spells                             Type                      Level
   a - Magic Dart                     Conjuration                  1
   b - Searing Ray                    Conjuration                  2
   c - Dazzling Spray                 Conjuration/Hexes            3
   d - Fulminant Prism                Conjuration/Hexes            4
   e - Iskenderun's Mystic Blast      Conjuration                  4
   f - Iskenderun's Battlesphere      Conjuration/Charms           5


   Skills:
 + Level 3.0 Dodging
 + Level 3.5 Stealth
 + Level 5.6 Spellcasting
 * Level 6.0 Conjurations


You had 7 spell levels left.
You knew the following spells:

 Your Spells              Type           Power        Failure   Level  Hunger
a - Magic Dart            Conj           ####         1%          1    N/A
b - Searing Ray           Conj           ####..       1%          2    N/A
c - Dazzling Spray        Conj/Hex       ###...       14%         3    N/A
d - Iskenderun's Mystic   Conj           ####....     14%         4    N/A

Dungeon Overview and Level Annotations

Branches:
Dungeon (4/15)
 Temple: D:4-7

Altars:
Dithmenos
Fedhas


Innate Abilities, Weirdness & Mutations

You do not eat or drink.
Your flesh is vulnerable to fire.
You are immune to poison.
Your flesh is cold resistant. (rC+)
You are immune to negative energy. (rN+++)
You are immune to unholy pain and torment.
You can survive without breathing.


Message History

The searing ray hits the orc wizard.
The orc wizard is moderately wounded.
The orc wizard hits you with a dagger.
The orc wizard hits you but does no damage.
The searing ray hits the orc wizard.
The orc wizard is heavily wounded.
The orc wizard closely misses you. The ogre closely misses you.
The searing ray misses the orc wizard.
You finish channeling your searing ray.
The orc wizard barely misses you. The orc wizard hits you with a dagger.
Casting: Searing Ray
Confirm with . or Enter, or press ? or * to list all spells.
Aiming: Dazzling Spray
Press: ? - help, Shift-Dir - straight line, f/p - orc wizard
Aim: an orc wizard, wielding a dagger and wearing a robe (heavily wounded, fast)
The spray of energy hits the orc wizard.
You kill the orc wizard!
Your Dodging skill increases to level 3!
The ogre hits you with a giant spiked club!!
Ouch! That really hurt!
You die...

.....O.....##......##...
...oo.......+......>#.#.
....o<#.##.##.......##.#
###.# #.##..#.....#..##r
# #.#.#.#.#...#...Z.
#.#.#...#.###.####
#.#...........#
#O#.##..#.###.#
#@#.###.#.# #)# #)#.#
#...# #%# #.#.# #...#
#.# #.#.###...###.####
..#.....#.........
#########!.##.###.
##.##.#... #..#.#...
######.#.####


You could see an ogre.

Vanquished Creatures
  Grinder (D:4)
  A phantom (D:4)
  2 ogres (D:4)
  A scorpion (D:4)
  2 orc priests (D:3)
  An orc wizard (D:4)
  A worker ant (D:4)
  A hound skeleton (D:4)
  3 gnolls (D:2)
  8 adders
  2 oozes (D:1)
  An adder skeleton (D:4)
  3 worms
  A dart slug (D:4)
  2 leopard geckos
  15 orcs
  A ball python (D:3)
  6 bats
  4 giant cockroaches
  6 goblins
  5 hobgoblins
  13 jackals
  10 kobolds
  2 quokkas (D:4)
  7 frilled lizards
  A leopard gecko skeleton (D:4)
  6 rats
106 creatures vanquished.

Vanquished Creatures (others)
  A quokka (D:4)
1 creature vanquished.

Grand Total: 107 creatures vanquished

Notes
Turn   | Place    | Note
-------+----------+-------------------------------------------
     0 | D:1      | inmateoo the Mummy Conjurer began the quest for the Orb.
     0 | D:1      | Reached XP level 1. HP: 13/13 MP: 4/4
   623 | D:1      | Reached XP level 2. HP: 19/19 MP: 1/6
   679 | D:1      | Learned a level 2 spell: Searing Ray
   973 | D:1      | Reached XP level 3. HP: 24/24 MP: 0/7
   978 | D:1      | Learned a level 3 spell: Dazzling Spray
  1189 | D:2      | Found a shadowy altar of Dithmenos.
  1203 | D:2      | Reached skill level 4 in Conjurations
  1227 | D:2      | Reached XP level 4. HP: 13/30 MP: 1/9
  2867 | D:3      | Found a blossoming altar of Fedhas.
  3003 | D:3      | Learned a level 4 spell: Iskenderun's Mystic Blast
  3016 | D:3      | Reached XP level 5. HP: 35/35 MP: 1/11
  3725 | D:4      | Noticed Grinder
  3731 | D:4      | Paralysed by Grinder for 3 turns
  3739 | D:4      | Killed Grinder
  3739 | D:4      | Reached skill level 5 in Conjurations
  3739 | D:4      | Reached XP level 6. HP: 30/41 MP: 6/13
  3941 | D:4      | Reached skill level 5 in Spellcasting
  3941 | D:4      | Reached XP level 7. HP: 14/46 MP: 3/14
  4584 | D:4      | Reached skill level 6 in Conjurations
  4589 | D:4      | Mangled by an ogre

Vault maps used:
D:1:      erik_arrival_gehennom
D:2:      serial_forest, infiniplex_forest_clump_tiny,
          infiniplex_forest_clump_small, infiniplex_forest_straight_5,
          infiniplex_forest_clump_small, infiniplex_forest_straight_4,
          infiniplex_forest_end_2, nicolae_dithmenos_through_a_glass_darkly
D:3:      chequers_big_river, fedhas_altar_1
D:4:      marbit_many_paths, elyvilon_altar_4, uniq_grinder

Skill      XL: |  1  2  3  4  5  6  7 |
---------------+----------------------+-----
Spellcasting   | 3 4 5 |  5.6
Conjurations   | 4 5 6 |  6.0
Stealth        | 2 3 |  3.5
Dodging        | 2 3 |  3.0

Action                   |  1- 3 |  4- 6 |  7- 9 || total
-------------------------+-------+-------+-------++-------
Melee: Dagger            |    27 |   176 |    38 ||   241
       Unarmed           |     3 |       |       ||     3
 Cast: Magic Dart        |    59 |    30 |    15 ||   104
       Searing Ray       |     2 |     3 |     3 ||     8
       Dazzling Spray    |       |     9 |     5 ||    14
       Iskenderun's Myst |       |       |     4 ||     4
  Use: Scroll            |       |     6 |     3 ||     9
 Stab: Sleeping          |       |     4 |       ||     4
       Invisible         |       |     4 |       ||     4
       Distracted        |       |     1 |       ||     1
Armor: Robe              |     7 |    52 |     9 ||    68
Dodge: Dodged            |    21 |   157 |    42 ||   220
